 Dungeon Crawl Stone Soup version 0.30-a0-311-gf115ab0292 (webtiles) character file.

Game seed: 7554325833383259289

767 andgoliath the Trooper (level 7, -8/56 HPs)
             Began as a Demonspawn Gladiator on Oct 26, 2022.
             Killed from afar by an acid dragon (18 damage)
             ... with a splash of acid
             ... on level 5 of the Dungeon.
             The game lasted 00:15:31 (3844 turns).

andgoliath the Trooper (Demonspawn Gladiator)       Turns: 3844, Time: 00:15:32

Health: -8/56      AC:  2    Str: 16      XL:     7   Next: 52%
Magic:  7/8        EV: 12    Int:  8 (9)  God:
Gold:   181        SH:  0    Dex: 13 (15) Spells: 6/8 levels left

rFire   . . .      SeeInvis .    r - +0 scythe (pain)
rCold   . . .      Faith    .    (shield currently unavailable)
rNeg    . . .      Spirit   .    g - +0 ring mail
rPois   .          Reflect  .    (helmet restricted)
rElec   .          Harm     .    u - +0 cloak
rCorr   .          Rampage  .    (no gloves)
Will    .....      Rnd*Tele +    (no boots)
Stlth   +.........               (no amulet)
HPRegen 0.29/turn                (no ring)
MPRegen 0.11/turn                (no ring)

@: corroded, studying Unarmed Combat
A: horns 2, sturdy frame 1, demonic magic 1, teleportitis 1
a: no special abilities


You were on level 5 of the Dungeon.
You visited 1 branch of the dungeon, and saw 5 of its levels.

You collected 181 gold pieces.

Inventory:

Hand Weapons
 a - a +0 war axe
 l - a +0 trident
 r - a +0 scythe of pain (weapon)
 t - a +0 sling
Missiles
 d - a throwing net (quivered)
 e - a javelin
 m - 4 silver javelins
 n - 24 stones
Armour
 b - a +0 leather armour
 c - a +0 helmet
 g - a +0 ring mail (worn)
 u - a +0 cloak (worn)
Scrolls
 h - a scroll of teleportation {unknown}
 i - 5 scrolls of identify {unknown}
 k - 2 scrolls of vulnerability {unknown}
 q - 3 scrolls of noise {unknown}
 s - 3 scrolls of enchant weapon {unknown}
 x - a scroll of poison {unknown}
 y - 3 scrolls of blinking {unknown}


   Skills:
 - Level 5.5 Fighting
 - Level 2.9(3.8) Axes
 * Level 3.7(4.2) Polearms
 - Level 1.7 Throwing
 - Level 2.7 Dodging
 + Level 5.2 Unarmed Combat
 + Level 1.0 Spellcasting
 + Level 1.2 Necromancy


You had 6 spell levels left.
You knew the following spells:

 Your Spells              Type           Power      Damage    Failure   Level
a - Momentum Strike       Conj/Tloc      0%         3d8       63%         2

Your spell library contained the following spells:

 Spells                   Type           Power      Damage    Failure   Level
 Magic Dart               Conj           0%         1d3       47%         1
 Sting                    Tmut/Pois      0%         1d3       47%         1
 Blink                    Tloc           0%         N/A       63%         2
 Poisonous Vapours        Pois/Air       0%         N/A       63%         2
 Searing Ray              Conj           0%         2d4       63%         2
 Lesser Beckoning         Tloc           0%         N/A       85%         3
 Fulminant Prism          Conj/Hex       0%         3d6       99%         4
 Olgreb's Toxic Radiance  Pois           0%         N/A       99%         4


Dungeon Overview and Level Annotations

Branches:
Dungeon (5/15)
 Temple: D:4-7

Altars:
Wu Jian


Innate Abilities, Weirdness & Mutations

You have a pair of horns on your head.
Your movements are slightly less encumbered by armour. (ER -2)
Spells you cast may paralyse adjacent enemies.
You are occasionally teleported next to monsters.


Message History

The acid dragon is moderately wounded.
The acid dragon struggles against the net.
The scorpion stings you.
* * * LOW HITPOINT WARNING * * *
The acid dragon struggles against the net.
You aren't carrying any potions.
You puncture the scorpion! Your headbutt misses the scorpion.
The scorpion is heavily wounded.
The acid dragon struggles against the net.
The scorpion completely misses you.
The acid dragon struggles against the net.
The scorpion stings you.
* * * LOW HITPOINT WARNING * * *
You slash the scorpion! Your headbutt misses the scorpion.
The scorpion is almost dead.
The scorpion misses you.
The acid dragon struggles against the net.
You puncture the scorpion!
You kill the scorpion!
The acid dragon struggles against the net.
You feel your strength returning.
Your Spellcasting skill increases to level 1!
Your Necromancy skill increases to level 1!
Reach: r) +0 scythe (pain)
Press: ? - help, Dir - move target, f/p - acid dragon
Aim: an acid dragon (moderately wounded, entangled in a net, about 7% to evade your +0 scythe of pain)
You reach to attack!
You hit the acid dragon but do no damage.
The acid dragon is moderately wounded.
The acid dragon struggles against the net.
The net rips apart, and the acid dragon comes free!
Throw: 2 throwing nets
Press: ? - help, Q - select action, (/) - cycle Shift-Dir - straight line, f/p - acid dragon
Aim: an acid dragon (moderately wounded, 59% to hit)
You throw a throwing net.
The throwing net closely misses the acid dragon.
A white imp comes into view.
The acid dragon spits acid at you. The splash of acid hits you!!
You die...

##....## ..##.
##..#.###.
#.....#
.....##...#.....
...#....
.5........#.....
........
................
. .#####
................
..
................
................
......D.@.......
#.########.#####
#


You could see an acid dragon (catching breath) and a white imp.

Vanquished Creatures
  Sigmund (D:2)
  An ogre (D:4)
  A phantom (D:4)
  2 scorpions
  A howler monkey (D:4)
  2 orc priests (D:4)
  A jelly (D:5)
  A hound (D:4)
  An iguana (D:4)
  2 orc wizards (D:4)
  3 adders
  A shadow imp (D:4)
  2 worms
  2 dart slugs
  5 orcs
  5 ball pythons
  4 endoplasms
  A giant cockroach (D:2)
  8 goblins
  7 hobgoblins
  A jackal (D:2)
  7 kobolds
  3 quokkas
  4 bats
  3 frilled lizards
  6 rats
75 creatures vanquished.

Notes
Turn   | Place    | Note
-------+----------+-------------------------------------------
     0 | D:1      | andgoliath the Demonspawn Gladiator began the quest for the
                  | Orb.
     0 | D:1      | Reached XP level 1. HP: 16/16 MP: 1/1
   159 | D:1      | Gained mutation: You have a pair of small horns on your
                  | head. [demonic ancestry]
   159 | D:1      | Reached XP level 2. HP: 23/23 MP: 2/2
   233 | D:1      | Found a faded altar of an unknown god.
   651 | D:2      | Gained mutation: Spells you cast may paralyse adjacent
                  | enemies. [demonic ancestry]
   651 | D:2      | Reached XP level 3. HP: 27/29 MP: 3/3
   806 | D:2      | Reached skill level 1 in Unarmed Combat
   965 | D:2      | Noticed Sigmund
   995 | D:2      | Killed Sigmund
   996 | D:2      | Gained mutation: Your movements are slightly less
                  | encumbered by armour. (ER -2) [demonic ancestry]
   996 | D:2      | Reached XP level 4. HP: 8/38 MP: 4/4
   996 | D:2      | Gained mutation: You have a pair of horns on your head.
                  | [demonic ancestry]
   996 | D:2      | Reached XP level 5. HP: 9/43 MP: 5/5
  2279 | D:4      | Reached skill level 1 in Polearms
  2334 | D:4      | Found an ornate altar of the Wu Jian Council.
  2369 | D:4      | Reached skill level 5 in Fighting
  2369 | D:4      | Reached XP level 6. HP: 49/51 MP: 6/6
  2730 | D:4      | Reached XP level 7. HP: 42/56 MP: 7/7
  3088 | D:4      | Gained mutation: You are clumsy. (Dex -2) [potion of
                  | mutation]
  3088 | D:4      | Gained mutation: You are occasionally teleported next to
                  | monsters. [potion of mutation]
  3088 | D:4      | Lost mutation: You are clumsy. (Dex -2) [potion of
                  | mutation]
  3275 | D:4      | Learned a level 2 spell: Momentum Strike
  3481 | D:5      | Entered Level 5 of the Dungeon
  3521 | D:4      | HP: 1/56 [orc priest/divine providence (8)]
  3753 | D:4      | Reached skill level 5 in Unarmed Combat
  3843 | D:5      | Reached skill level 1 in Spellcasting
  3843 | D:5      | Reached skill level 1 in Necromancy
  3844 | D:5      | Killed from afar by an acid dragon

Illustrated notes

Levels and vault maps discovered:
D:1:      minmay_arrival_diagonal_passages, layout_rooms, basic_ecumenical_altar
D:2:      layout_basic, grunt_decor_one_mirror, kennysheep_generic_room_15,
          uniq_sigmund
D:3:      layout_basic, kennysheep_decorative_pillar
D:4:      layout_gridville, mainiacjoe_overflow_concentric_impassable,
          lightli_corner_chamber
D:5:      layout_rooms, minmay_temple_entry_mini_moons

Skill      XL: |  1  2  3  4  5  6  7 |
---------------+----------------------+-----
Fighting       | 3 4 5 |  5.5
Unarmed Combat | 3 4 5 |  5.2
Polearms       | 1 2 3 |  3.7
Spellcasting   | 1 |  1.0
Necromancy     | 1 |  1.2
Axes           | |  2.9
Throwing       | |  1.7
Dodging        | |  2.7

Action                   |  1- 3 |  4- 6 |  7- 9 || total
-------------------------+-------+-------+-------++-------
Melee: War axe           |    27 |       |       ||    27
       Trident           |    65 |       |       ||    65
       Headbutt          |    13 |     8 |    11 ||    32
       Unarmed           |    13 |       |       ||    13
       Halberd           |       |   108 |    99 ||   207
Throw: Throwing net      |       |       |     2 ||     2
  Use: Potion            |     2 |       |     9 ||    11
 Stab: Sleeping          |       |     1 |       ||     1
Armor: Ring mail         |    41 |    41 |    29 ||   111
       Skin              |       |       |    25 ||    25
Dodge: Dodged            |    58 |    57 |    38 ||   153

Table legend: (Time is in decaauts)
 A = Elapsed time spent in this place.
 B = Non-inter-level travel time spent in this place.
 C = Inter-level travel time spent in this place.
 D = Time resting spent in this place.
 E = Time spent auto-exploring this place.
 F = Levels seen in this place.
 G = Mean time per level.
                   A        B        C        D        E       F      G
               +--------+--------+--------+--------+--------+-----+--------+
         Total |   3877 |   3712 |    165 |    827 |   2092 |   5 |  775.4 |
       Dungeon |   3877 |   3712 |    165 |    827 |   2092 |   5 |  775.4 |
               +--------+--------+--------+--------+--------+-----+--------+

Top non-repeatable levels by time:
     D:4: 1352 daAuts
     D:2: 1030 daAuts
     D:3: 967 daAuts
     D:1: 483 daAuts
     D:5: 43 daAuts
